Map: 10000 Feet LE

Players

AMCHOLDER

  • Race: Zerg Zerg
  • League: Diamond
  • Spawn Location: 11:00

TheCypher - Winner!

  • Race: Terran Terran
  • League: Diamond
  • Spawn Location: 5:00

VOD

Have the link to the VOD?

Description

Time

  • Played on: Dec. 26, 2025, 2:41 p.m.
  • Length: 16:07
Show
View Real Time Build Order
Export as new Build Order

AMCHOLDER Zerg 

Build Orders: Hatch First, Lurkers 

Get SALT Encoding   

  12  0:00  Drone  
  13  0:08  Drone  
  14  0:15  Extractor  
  14  0:16  Drone  
  15  0:23  Overlord  
  15  0:42  Hatchery  
  14  0:46  Drone  
  16  0:50  Drone  
  16  0:53  Drone  
  17  0:57  Drone  
  18  1:07  Extractor  
  17  1:12  Spawning Pool  
  17  1:15  Drone  
  17  1:19  Drone  
  18  1:29  Drone  
  19  1:42  Drone  
  20  1:51  Drone  
  21  2:00  Zergling x2  
  21  2:01  Queen x2  
  24  2:02  Zergling x2  
  24  2:05  Overlord  
  27  2:22  Metabolic Boost  
  27  2:27  Hatchery  
  27  2:29  Drone  
  27  2:32  Drone  
  27  2:35  Drone  
  28  2:44  Drone x3  
  29  2:48  Drone  
  32  2:53  Drone  
  32  2:57  Drone  
  34  2:59  Overlord  
  34  3:06  Overlord  
  34  3:17  Queen x2  
  34  3:18  Extractor  
  38  3:27  Baneling Nest, Drone x2  
  38  3:28  Drone x3  
  38  3:32  Drone  
  43  3:36  Drone  
  44  3:44  Drone x5  
  49  3:49  Overlord  
  49  3:50  Overlord  
  49  3:58  Extractor  
  48  4:04  Roach Warren  
  48  4:08  Lair  
  48  4:10  Drone x5  
  52  4:19  Overlord x3  
  52  4:25  Queen  
  52  4:29  Zergling x6  
  57  4:33  Zergling x6  
  60  4:53  Roach x8  
  60  4:58  Drone  
  77  5:00  Drone x3  
  77  5:04  Drone x3  
  83  5:09  Drone x2  
  83  5:11  Overlord  
  85  5:18  Drone x2  
  85  5:21  Overlord x3  
  87  5:23  Extractor  
  86  5:32  Overlord x3  
  86  5:37  Drone x4  
  86  5:38  Extractor  
  86  5:40  Drone  
  86  5:41  Glial Reconstitution, Centrifugal Hooks  
  90  5:43  Drone  
  90  5:48  Drone  
  90  5:49  Drone x2  
  94  5:50  Drone  
  94  5:55  Hatchery  
  94  6:03  Evolution Chamber  
  93  6:04  Evolution Chamber  
  93  6:07  Roach x7  
  93  6:08  Roach  
  108  6:12  Baneling  
  108  6:13  Baneling x2  
  108  6:22  Queen  
  108  6:23  Drone  
  108  6:24  Drone x4  
  115  6:26  Extractor  
  114  6:33  Drone  
  114  6:34  Drone  
  114  6:35  Drone  
  114  6:36  Drone x2  
  114  6:38  Drone  
  120  6:40  Extractor  
  120  6:41  Zerg Missile Weapons Level 1, Zerg Ground Armor Level 1  
  120  6:43  Drone x3  
  122  6:54  Overseer  
  122  6:58  Zergling x16  
  130  7:06  Roach x3  
  130  7:07  Roach x4  
  144  7:16  Overlord x4  
  144  7:21  Hydralisk Den, Infestation Pit  
  142  7:31  Overlord  
  142  7:32  Overlord x2  
  142  7:33  Overlord  
  142  7:36  Roach x9  
  161  7:37  Zergling x4  
  161  7:38  Zergling x2  
  138  7:55  Roach x9  
  124  8:01  Zergling x6  
  124  8:04  Zergling x4  
  123  8:06  Baneling x2  
  123  8:08  Roach  
  123  8:11  Hive  
  125  8:14  Roach x2  
  121  8:28  Roach  
  121  8:29  Roach x13  
  118  8:51  Drone x3  
  118  8:52  Drone  
  118  8:53  Drone x2  
  118  8:57  Queen  
  118  8:59  Roach x5  
  130  9:05  Zergling x4  
  132  9:10  Drone  
  132  9:11  Drone x7  
  140  9:18  Drone x2  
  142  9:26  Queen  
  142  9:30  Lurker Den  
  143  9:32  Zerg Ground Armor Level 2, Zerg Missile Weapons Level 2  
  143  9:35  Zergling x2  
  143  9:36  Hatchery, Zergling x16  
  151  9:46  Zergling x14  
  158  9:56  Zergling x8  
  162  10:06  Roach  
  175  10:07  Roach x9  
  162  10:18  Roach  
  162  10:19  Roach x6  
  109  10:28  Roach x2  
  109  10:33  Adaptive Talons  
  108  10:36  Roach x8  
  124  10:47  Drone x4  
  128  10:50  Drone  
  131  11:00  Baneling x8  
  131  11:02  Ravager x4  
  131  11:03  Ravager x2  
  137  11:05  Zergling x10  
  142  11:16  Drone  
  142  11:17  Drone x10  
  151  11:26  Zergling x6  
  151  11:30  Seismic Spines  
  154  11:35  Roach x9  
  172  11:47  Baneling x2  
  172  11:49  Hydralisk x5  
  172  11:53  Zerg Missile Weapons Level 3  
  182  12:20  Zerg Ground Armor Level 3  
  182  12:32  Lurker x5  
  182  12:34  Hydralisk x2  
  191  12:38  Overlord x5  
  191  13:02  Hatchery  
  161  13:27  Hydralisk x11  
  181  13:35  Queen  
  155  13:45  Roach x14  
  155  13:46  Roach x13  
  188  13:57  Zergling x14  
  190  14:27  Lurker x5  
  190  14:28  Zergling x2  
  190  14:29  Zergling x6  
  199  14:44  Extractor  
  198  14:45  Extractor  
  149  15:08  Roach x7  
  149  15:09  Roach x16  
  164  15:28  Zergling x14  
  164  15:29  Zergling x8  
  164  15:35  Zergling x8  
  164  15:40  Zergling x2  
Show
View Real Time Build Order
Export as new Build Order

TheCypher Terran - Winner!

Build Orders: Reaper Expand 

Get SALT Encoding   

  12  0:00  SCV  
  13  0:12  SCV  
  14  0:16  Supply Depot  
  14  0:24  SCV  
  15  0:38  SCV  
  15  0:39  Barracks  
  16  0:44  Refinery  
  16  0:50  SCV  
  17  1:02  SCV  
  18  1:14  SCV  
  19  1:26  Reaper  
  19  1:27  Orbital Command  
  20  1:41  Command Center  
  20  1:50  Supply Depot  
  20  1:52  SCV  
  21  2:03  Factory  
  21  2:05  SCV  
  22  2:17  SCV  
  22  2:21  Barracks Reactor  
  23  2:29  SCV  
  24  2:41  SCV  
  25  2:48  Command Center  
  25  2:52  Refinery  
  25  2:53  Orbital Command, SCV  
  25  2:56  Factory Tech Lab  
  26  3:06  SCV  
  26  3:07  Marine  
  26  3:08  Marine  
  29  3:16  Siege Tank  
  29  3:18  SCV  
  33  3:21  SCV  
  33  3:25  Marine x2  
  36  3:28  Bunker  
  36  3:30  SCV  
  37  3:37  SCV  
  38  3:43  SCV  
  38  3:44  Marine x2  
  40  3:49  Starport  
  40  3:50  SCV  
  40  3:54  Refinery  
  41  3:56  Supply Depot  
  41  3:57  SCV  
  41  4:02  Marine x2, SCV  
  45  4:05  Orbital Command  
  45  4:10  Siege Tank  
  45  4:13  SCV  
  45  4:15  SCV  
  50  4:23  Marine x2  
  52  4:25  SCV  
  52  4:27  Barracks, SCV  
  54  4:33  Engineering Bay  
  54  4:37  SCV  
  55  4:39  SCV  
  55  4:41  Orbital Command  
  55  4:43  Marine x2, Engineering Bay  
  58  4:49  SCV  
  58  4:51  SCV  
  58  4:52  Barracks  
  60  5:01  Barracks, SCV  
  60  5:03  Marine, SCV  
  60  5:04  Marine  
  64  5:08  SCV  
  64  5:13  SCV  
  66  5:16  Starport Tech Lab, Terran Infantry Weapons Level 1, SCV  
  66  5:17  Barracks Tech Lab  
  66  5:19  Terran Infantry Armor Level 1  
  67  5:21  Marine  
  67  5:22  SCV  
  67  5:25  Refinery  
  69  5:29  Supply Depot  
  69  5:38  Supply Depot  
  69  5:40  Barracks Tech Lab  
  49  5:42  Stimpack  
  69  5:49  Supply Depot  
  69  5:50  Medivac  
  69  5:51  Siege Tank, SCV x3  
  69  5:52  Marine x4  
  69  5:53  Supply Depot  
  69  5:54  Barracks  
  81  5:57  Supply Depot  
  81  6:03  SCV x2  
  81  6:04  SCV  
  84  6:05  Marine  
  84  6:10  Marine x3  
  84  6:11  Supply Depot  
  88  6:13  Marine  
  88  6:14  Combat Shield  
  88  6:15  SCV  
  88  6:16  SCV  
  88  6:18  SCV  
  92  6:20  Medivac, Supply Depot  
  92  6:23  Marine  
  92  6:24  Missile Turret  
  95  6:27  SCV  
  95  6:28  SCV  
  95  6:30  SCV  
  98  6:39  Armory, Command Center  
  98  6:46  Marine x2  
  100  6:50  Barracks  
  100  6:53  Missile Turret  
  100  6:56  Marine x2, Barracks  
  100  6:59  Marine x2  
  104  7:04  Marine x2  
  104  7:05  Medivac  
  104  7:06  SCV x2  
  104  7:07  SCV  
  111  7:11  Refinery  
  111  7:13  Supply Depot  
  111  7:15  Missile Turret  
  111  7:19  Supply Depot  
  111  7:23  Siege Tank  
  111  7:24  Marine  
  111  7:25  Marine x2  
  111  7:26  Marine  
  111  7:29  SCV x2  
  120  7:42  Supply Depot  
  110  7:51  Marine x4  
  110  7:56  Marine x4, Siege Tank  
  109  7:59  SCV x3  
  109  8:00  Medivac  
  114  8:09  Marine x4  
  118  8:14  Marine  
  111  8:28  Siege Tank  
  111  8:30  Medivac  
  114  8:35  Marine x4  
  114  8:36  Marine x4  
  114  8:37  SCV x3  
  107  8:49  SCV  
  107  8:52  SCV x2  
  107  8:53  Marine x5  
  107  8:54  Marine x3  
  118  8:56  Command Center  
  118  8:58  Terran Infantry Weapons Level 2, Terran Infantry Armor Level 2  
  118  9:00  Concussive Shells, Siege Tank, Medivac  
  123  9:07  Barracks, Starport  
  123  9:10  Marine  
  123  9:11  Marine x5  
  123  9:12  Marauder x2  
  133  9:23  Planetary Fortress  
  133  9:24  Supply Depot  
  133  9:26  Refinery  
  133  9:27  Refinery  
  133  9:30  Medivac  
  135  9:31  Marine x4  
  135  9:32  Marine x2, Siege Tank  
  135  9:33  Marauder x2  
  148  9:39  SCV  
  149  9:49  Marine x4  
  153  9:54  Supply Depot  
  153  9:55  Marauder  
  155  10:00  Medivac  
  155  10:04  Siege Tank  
  155  10:16  Marine  
  155  10:17  Marine x8, Supply Depot  
  155  10:20  Orbital Command  
  149  10:25  Command Center  
  144  10:34  Marine x2  
  144  10:35  Marine x4  
  149  10:36  Marine, Siege Tank, Marauder x2  
  156  10:47  Medivac x2  
  156  10:49  Command Center  
  160  10:51  Refinery  
  160  10:52  Marine x2  
  160  10:53  Marine x2  
  160  10:54  Barracks Tech Lab  
  160  10:55  Barracks Tech Lab x2  
  164  11:03  Supply Depot  
  164  11:08  Siege Tank  
  164  11:10  Marauder x2  
  171  11:14  Barracks  
  171  11:16  Medivac  
  171  11:17  Medivac  
  175  11:20  Missile Turret  
  175  11:32  Marauder x2  
  179  11:33  Marine  
  179  11:34  Barracks Tech Lab x2, Marauder x2  
  179  11:35  Marine, Marauder  
  179  11:37  Terran Vehicle Weapons Level 1  
  187  11:40  Terran Infantry Weapons Level 3, Siege Tank  
  190  11:51  Marine  
  190  11:53  Marine, Marauder x2  
  190  11:54  Command Center  
  196  11:55  Marauder x2  
  196  11:58  Sensor Tower  
  199  12:35  Terran Infantry Armor Level 3  
  199  12:36  Starport Reactor  
  199  12:43  Planetary Fortress  
  199  13:01  Marine  
  160  13:40  Marine x2  
  160  13:41  Marine x2, Marauder x5  
  130  13:44  Siege Tank  
  112  13:55  Planetary Fortress  
  112  13:57  SCV x2  
  112  13:58  Marine x2, SCV x2  
  112  13:59  Marauder x2  
  112  14:01  Liberator x3  
  112  14:02  Marine x2, Marauder x2  
  139  14:03  Marauder  
  139  14:16  Marine, Siege Tank  
  143  14:20  Marauder x3  
  143  14:21  Marauder  
  143  14:23  Marauder  
  143  14:24  Marauder x2  
  157  14:29  Marine  
  158  14:33  Refinery  
  158  14:34  Marine  
  158  14:38  Sensor Tower  
  159  14:42  Marauder x4  
  159  14:44  Marine, Liberator x3  
  159  14:45  Marauder x2  
  181  14:47  Marine  
  181  14:48  Siege Tank  
  149  15:09  Marine x2  
  149  15:10  Marine x2, Marauder x4  
  149  15:11  Marauder  
  157  15:27  Marine x2  
  157  15:28  Marauder x2  
  162  15:30  Marine  
  162  15:31  Marine x2, Marauder  
  162  15:32  Marauder  
  169  15:45  Marine x2  
  169  15:49  Marine  
Tags
 
Add a new tag
Caveats
  • Supply blocks, unpowered buildings, or Contaminate may cause inaccurate times.
  • Supply counts are checked every 10 seconds.